 Dungeon Crawl Stone Soup version 0.32-a0-42-ga30500b4d3 (webtiles) character file.

Game seed: 3696695370941333190

149 drugrobin the Sneak (level 4, -4/37 HPs)
             Began as a Demigod Delver on Feb 2, 2024.
             Shot with an arrow by a centaur (16 damage)
             ... on level 5 of the Dungeon.
             The game lasted 00:06:36 (3041 turns).

drugrobin the Sneak (Demigod Delver)                Turns: 3041, Time: 00:06:37

Health: -4/37      AC: 11    Str: 17    XL:     4   Next: 83%
Magic:  6/6        EV:  8    Int: 12    God:
Gold:   97         SH:  0    Dex: 15    Spells: 3/3 levels left

rFire   . .          .
                       - Unarmed
rCold   . . .        (no shield)
rNeg    . . .        q - +0 chain mail
rPois   .            c - +0 helmet
rElec   .            (no cloak)
rCorr   .            (no gloves)
SInv    .            i - +1 pair of boots
Will    .....        (no amulet) Stlth
                     (no ring)
HPRegen 0.26/turn    (no ring)
MPRegen 0.10/turn

%: no passive effects
@: no status effects
A: high MP 1, forlorn, divine attributes
a: no special abilities


You were on level 5 of the Dungeon.
You visited 1 branch of the dungeon, and saw 5 of its levels.

You collected 97 gold pieces.

Inventory:

Hand Weapons
 b - a +0 sling
 r - the +1 spear of the Thing {drain, rC+}
   (You took it off a hobgoblin on level 2 of the Dungeon)

   rC+:       It protects you from cold.
Missiles
 u - 10 poisoned darts (quivered)
Armour
 a - a +0 leather armour
 c - a +0 helmet (worn)
 i - a +1 pair of boots (worn)
 q - a +0 chain mail (worn)
Talismans
 o - a blade talisman
Wands
 f - a wand of digging (2)
Scrolls
 d - 2 scrolls of enchant armour {unknown}
 h - a scroll of fog
 k - 2 scrolls of identify {unknown}
 l - 2 scrolls of teleportation {unknown}
 m - a scroll of immolation {unknown}
 t - a scroll of blinking {unknown}
 v - a scroll of silence {unknown}
Potions
 e - a potion of haste
 g - a potion of lignification {unknown}
 j - 2 potions of magic {unknown}
 n - a potion of heal wounds {unknown}
 p - a potion of degeneration {unknown}
 s - a potion of attraction {unknown}
 w - a potion of might {unknown}
 x - a potion of brilliance {unknown}


   Skills:
 - Level 2.6 Fighting
 - Level 1.7 Dodging
 - Level 4.5 Stealth
 * Level 4.4 Unarmed Combat
 + Level 1.3 Shapeshifting


You had 3 spell levels left.
You didn't know any spells.
Your spell library contained the following spells:

 Spells                   Type           Power      Damage    Failure   Level
 Apportation              Tloc           0%         N/A       99%         1
 Jinxbite                 Hex            0%         N/A       99%         2
 Alistair's Intoxication  Alch           0%         N/A       100%        5


Dungeon Overview and Level Annotations

Branches:
Dungeon (5/15)
 Temple: D:4-7

Shops:
D:3 (

Annotations:
D:2 exclusions: orc, orc priest and orc wizard
D:4 Blork the orc, Menkaure


Innate Abilities, Weirdness & Mutations

You have an increased reservoir of magic. (+10% MP)
You shall have no god before yourself.
Your divine heritage dramatically boosts your attributes as you level up.


Message History

Menkaure shouts!
Menkaure gestures ominously.
Unknown command.
Unknown command.
Okay, then.
Menkaure gestures wildly while chanting.
Menkaure seems to speed up.
Unknown command.
Unknown command.
There is a stone staircase leading down here.
Unknown command.
Unknown command.
Unknown command.
You climb downwards.
The black bear growls angrily.
There is a stone staircase leading up here.
Unknown command.
Unknown command.
Found 22 gold pieces.
A quokka comes into view.
Unknown command.
A centaur comes into view.
The centaur shouts!
Unknown command.
The quokka barely misses you. The quokka bites you.
The centaur wields a +2 orcbow of electrocution.
You hear the crackle of electricity.
The centaur shoots an arrow.
The arrow closely misses you.
Unknown command.
Unknown command.
Unknown command.
Unknown command.
The centaur shoots an arrow.
The arrow hits you!
The centaur shoots an arrow.
The arrow barely misses you.
Unknown command.
Unknown command.
Unknown command.
Unknown command.
The centaur shoots an arrow.
The arrow hits you!
You are electrocuted!
You die...

#. ##.# #.. ..# #
###...#####.##.#..#
.......>...........
.........<...###..W
.............# .#
###...#####..###.###
#.................#
#... ##@.#..##.# #..
#........# #.. #
#..........
#.###c....#.##
#....h.......#
#..$.........#.
#..#.#.##......
#....#.<.......
##..##########.


You could see a black bear and a centaur.

Vanquished Creatures
  Jessica (D:3)
  Natasha (D:5)
  Robin (D:2)
  An adder (D:4)
  A ribbon worm (D:3)
  An orc (D:3)
  8 endoplasms
  12 goblins
  7 hobgoblins
  7 jackals
  5 quokkas
  4 ball pythons
  7 bats
  7 frilled lizards
  6 kobolds
  5 rats
74 creatures vanquished.

Notes
Turn   | Place    | Note
-------+----------+-------------------------------------------
     0 | D:5      | drugrobin the Demigod Delver began the quest for the Orb.
     0 | D:5      | Reached XP level 1. HP: 18/18 MP: 3/3
     3 | D:5      | Noticed a phantom
     7 | D:4      | Noticed a black bear
     8 | D:4      | Noticed Blork the orc
    55 | D:4      | Reached XP level 2. HP: 18/25 MP: 4/4
   114 | D:3      | Found Cunid's Weapon Shoppe.
   648 | D:1      | Reached XP level 3. HP: 29/30 MP: 5/5
  1790 | D:2      | Noticed Robin
  1824 | D:2      | Killed Robin
  1908 | D:2      | Identified the +1 spear of the Thing {drain, rC+}
  2349 | D:3      | Reached XP level 4. HP: 37/37 MP: 6/6
  2527 | D:3      | Noticed Jessica
  2666 | D:3      | Killed Jessica
  2667 | D:3      | Reached skill level 1 in Shapeshifting
  2887 | D:4      | Noticed Natasha
  2908 | D:5      | Killed Natasha
  3025 | D:4      | Noticed Menkaure
  3034 | D:5      | Noticed a black bear
  3036 | D:5      | Noticed a centaur
  3041 | D:5      | Shot with an arrow by a centaur

Illustrated notes

Levels and vault maps discovered:
D:1:      nicolae_arrival_memento_mori, layout_basic
D:2:      layout_loops_ring, uniq_robin
D:3:      layout_basic, serial_shops, shop,
          hellmonk_ecumenical_altar_leap_of_faith, uniq_jessica
D:4:      layout_loops_ring, kennysheep_orc_sif_temple, uniq_menkaure,
          uniq_natasha, uniq_blork_the_orc
D:5:      layout_loops_cross, minmay_misc_feat_plants, kennysheep_dice

Skill      XL: |  1  2  3  4 |
---------------+-------------+-----
Unarmed Combat | 2 3 4 |  4.4
Shapeshifting  | 1 |  1.3
Fighting       | |  2.6
Dodging        | |  1.7
Stealth        | |  4.5

Action                     |  1- 3 |  4- 6 || total
---------------------------+-------+-------++-------
  Melee: Unarmed           |   167 |    52 ||   219
         Punch             |     3 |     1 ||     4
   Fire: Sling             |    43 |       ||    43
  Throw: Dart              |       |     4 ||     4
  Evoke: Wand              |     1 |       ||     1
    Use: Scroll            |     2 |       ||     2
   Stab: Sleeping          |     1 |       ||     1
 Armour: Leather armour    |    34 |       ||    34
         Ring mail         |    16 |       ||    16
         Chain mail        |    61 |    57 ||   118
  Dodge: Dodged            |    72 |    26 ||    98

Table legend: (Time is in decaauts)
 A = Elapsed time spent in this place.
 B = Non-inter-level travel time spent in this place.
 C = Inter-level travel time spent in this place.
 D = Time resting spent in this place.
 E = Time spent auto-exploring this place.
 F = Levels seen in this place.
 G = Mean time per level.
                   A        B        C        D        E       F      G
               +--------+--------+--------+--------+--------+-----+--------+
         Total |   3045 |   2930 |    115 |    139 |   2016 |   5 |  609.0 |
       Dungeon |   3045 |   2930 |    115 |    139 |   2016 |   5 |  609.0 |
               +--------+--------+--------+--------+--------+-----+--------+

Top non-repeatable levels by time:
     D:2: 1043 daAuts
     D:1: 974 daAuts
     D:3: 651 daAuts
     D:4: 343 daAuts
     D:5: 32 daAuts
